 Dungeon Crawl Stone Soup version 0.29.1-15-g9cfb28693d (webtiles) character file.

Game seed: 648547415040168346

73 KittyFluff the Trooper (level 4, -5/29 HPs)
             Began as a Gargoyle Berserker on Apr 9, 2023.
             Was a Believer of Trog.
             Killed by divine providence
             ... invoked by an orc priest
              (11 damage)
             ... on level 3 of the Dungeon.
             The game lasted 00:06:29 (2347 turns).

KittyFluff the Trooper (Gargoyle Berserker)         Turns: 2347, Time: 00:06:32

Health: -5/29      AC:  6    Str: 20    XL:     4   Next: 27%
Magic:  4/4        EV: 11    Int:  8    God:    Trog [**....]
Gold:   92         SH:  0    Dex: 11    Spells: 3/3 levels left

rFire   . . .      SeeInvis .   a - +0 mace
rCold   + . .      Faith    .   (no shield)
rNeg    + . .      Spirit   .   h - +0 leather armour
rPois   ∞          Reflect  .   (no helmet)
rElec   +          Harm     .   (no cloak)
rCorr   .          Rampage  .   (no gloves)
Will    .....                   (no boots)
Stlth   +.........              (no amulet)
HPRegen 0.09/turn               r - ring of protection from cold
MPRegen 0.09/turn               (no ring)

@: no status effects
A: sickness immunity, AC +3, negative energy resistance 1, electricity
resistance, torment resistance 1, petrification resistance
a: Renounce Religion, Berserk, Trog's Hand


You were on level 3 of the Dungeon.
You worshipped Trog.
Trog was pleased with you.
You visited 1 branch of the dungeon, and saw 3 of its levels.

You collected 92 gold pieces.

Inventory:

Hand Weapons
 a - a +0 mace (weapon)
 k - a +0 sling
 p - a +0 sling
Missiles
 g - 8 stones (quivered)
Armour
 h - a +0 leather armour (worn)
Jewellery
 f - an amulet of faith
 r - a ring of protection from cold (left hand)
Scrolls
 b - a scroll of fog {unknown}
 j - 2 scrolls of identify {unknown}
 m - a scroll of enchant armour {unknown}
 n - a scroll of magic mapping {unknown}
 o - 2 scrolls of fear {unknown}
Potions
 c - a potion of brilliance {unknown}
 d - a potion of heal wounds {unknown}
 e - a potion of lignification {unknown}
 i - a potion of attraction {unknown}
 l - 3 potions of resistance {unknown}
 q - 2 potions of curing {unknown}


   Skills:
 + Level 4.0 Fighting
 + Level 3.7 Maces & Flails
 * Level 2.8 Armour
 + Level 2.0 Dodging
 + Level 0.5 Stealth


You had 3 spell levels left.
You didn't know any spells.
Your spell library was empty.

Dungeon Overview and Level Annotations

Branches:
Dungeon (3/15)

Altars:


Innate Abilities, Weirdness & Mutations

You are immune to sickness and miasma.
Your stone body is resilient. (AC +3)
You are immune to poison.
You resist negative energy. (rN+)
You are resistant to electric shocks. (rElec)
You are resistant to unholy torment.
You are immune to petrification.


Message History

An orc wizard and an orc come into view.
The orc wizard shouts!
The orc shouts!
You hear a shout!
An orc comes into view. It is wielding a +0 dagger.
The orc wizard moves out of view.
Items here: $ ( ) †.
An orc priest and an orc come into view.
The orc shouts!
An orc comes into view. It is wielding a +0 dagger.
The orc priest moves out of view.
The orc hits you with a +0 mace.
You hit the orc but do no damage. The orc hits you with a +0 mace. x2
The orc priest shouts!
The orc hits you with a +0 mace. The orc attacks as you move away!
The orc hits you but does no damage.
The orc wizard casts a spell.
The orc wizard flickers and vanishes!
Deactivating autopickup; reactivate with Ctrl-A.
The orc attacks as you move away! The orc barely misses you.
The orc attacks as you move away! The orc hits you with a +0 mace.
You open the door. The orc hits you with a +0 mace.
The orc attacks as you move away! The orc hits you with a +0 mace.
* * * LOW HITPOINT WARNING * * *
There is an open door here.
You closely miss the orc. The orc hits you with a +0 hand axe.
* * * LOW HITPOINT WARNING * * *
You closely miss the orc. The orc completely misses you.
You hit the orc.
The orc is lightly wounded.
The orc closely misses you.
You hit the orc.
The orc is moderately wounded.
The orc hits you but does no damage.
You sock the orc!
You kill the orc!
Trog accepts your kill. Something hits you.
* * * LOW HITPOINT WARNING * * *
The orc priest calls down the wrath of Beogh upon you.
Beogh smites you!
You die...

#########
###.......###
#.......#.#.+
#.......#.#.#
#......o#.#.#
#####.o.oo..oo..+
#....)...o..#)#.#
#.......#####@#.#
. ..o'.......#
#:#.# ..
.8.#########
#.#.# ... ..
#.#.# ... # #.#.#
..###
#######.#.#......
.................
#######.########.
#
.........<.....#


You could see an orc priest and 2 orcs.

Vanquished Creatures
  2 adders
  A worm (D:2)
  2 orcs (D:3)
  4 bats (D:1)
  5 endoplasms
  A giant cockroach (D:1)
  3 goblins
  6 hobgoblins
  6 jackals
  5 kobolds
  2 quokkas
  6 ball pythons
  2 frilled lizards (D:2)
  4 rats
49 creatures vanquished.

Notes
Turn   | Place    | Note
-------+----------+-------------------------------------------
     0 | D:1      | KittyFluff the Gargoyle Berserker began the quest for the
                  | Orb.
     0 | D:1      | Reached XP level 1. HP: 14/14 MP: 1/1
   392 | D:1      | Reached XP level 2. HP: 19/19 MP: 2/2
   844 | D:1      | Reached XP level 3. HP: 12/23 MP: 3/3
  1393 | D:2      | Found a faded altar of an unknown god.
  1594 | D:2      | Reached skill level 4 in Fighting
  1715 | D:2      | HP: 1/24 [adder (1)]
  1721 | D:2      | Reached XP level 4. HP: 2/29 MP: 4/4
  2182 | D:2      | Reached ** piety under Trog
  2347 | D:3      | Killed from afar by an orc priest

Illustrated notes

Levels and vault maps discovered:
D:1:      minmay_arrival_solitary_statue, layout_basic
D:2:      layout_rooms, ebering_ecumenical_altar_abandoned
D:3:      layout_basic, lemuel_crystal_altar, kennysheep_orc_chapel

Skill      XL: |  1  2  3 |
---------------+----------+-----
Fighting       | 4 |  4.0
Dodging        | 2 |  2.0
Maces & Flails | |  3.7
Armour         | |  2.8
Stealth        | |  0.5

Action                   |  1- 3 |  4- 6 || total
-------------------------+-------+-------++-------
Melee: Mace              |   123 |    45 ||   168
       Punch             |     1 |       ||     1
Armor: Leather armour    |    84 |    25 ||   109
       Animal skin       |     2 |       ||     2
Dodge: Dodged            |   114 |    33 ||   147
